Map: Eternal Empire LE

Players

Trap

  • Race: Protoss Protoss
  • Spawn Location: 1:00

Serral - Winner!

  • Race: Zerg Zerg
  • Spawn Location: 7:00

Event: DreamHack SC2 Masters 2020 Summer Season Finals

VOD

https://youtu.be/csDn0y3PcZw?t=638

Description

Time

  • Played on: July 19, 2020, 12:41 p.m.
  • Length: 13:49

All games in this series

Show
View Real Time Build Order
Export as new Build Order

Trap Protoss 

Build Orders: 1 Gate Expand, Oracle Opening 

Get SALT Encoding   

  12  0:00  Probe  
  13  0:12  Probe  
  14  0:18  Pylon  
  14  0:24  Probe  
  15  0:32  Probe  
  15  0:40  Probe  
  16  0:44  Gateway  
  17  0:51  Probe  
  17  0:53  Assimilator  
  18  1:03  Probe  
  19  1:15  Probe  
  20  1:23  Nexus  
  20  1:34  Cybernetics Core  
  20  1:37  Probe  
  21  1:43  Assimilator  
  21  1:49  Probe  
  21  1:52  Pylon  
  23  2:01  Adept, Probe  
  23  2:11  Warp Gate  
  23  2:13  Probe  
  26  2:21  Pylon  
  26  2:25  Probe  
  27  2:30  Stargate  
  27  2:37  Adept  
  29  2:38  Probe  
  29  2:40  Probe  
  31  2:46  Probe  
  31  2:49  Pylon  
  32  2:54  Probe  
  33  3:03  Probe  
  34  3:06  Probe  
  34  3:07  Stalker  
  34  3:09  Oracle  
  40  3:20  Probe x2  
  42  3:32  Pylon  
  42  3:33  Probe x2  
  44  3:36  Gateway  
  44  3:40  Oracle  
  44  3:46  Probe  
  44  3:47  Probe  
  46  3:55  Assimilator  
  49  3:56  Pylon  
  49  3:58  Assimilator  
  49  4:00  Probe x2  
  51  4:05  Adept  
  53  4:12  Probe  
  53  4:14  Probe  
  55  4:24  Nexus  
  55  4:26  Pylon  
  55  4:27  Probe  
  55  4:28  Probe  
  55  4:39  Adept x2  
  59  4:47  Forge  
  59  4:48  Probe  
  59  4:50  Twilight Council  
  60  4:53  Shield Battery  
  60  4:56  Pylon  
  60  4:58  Probe  
  61  5:00  Sentry x2, Probe  
  61  5:02  Protoss Ground Weapons Level 1  
  61  5:03  Blink  
  66  5:10  Probe  
  66  5:12  Probe  
  68  5:17  Gateway  
  68  5:18  Gateway  
  68  5:24  Gateway  
  68  5:27  Gateway  
  68  5:36  Sentry x2  
  68  5:40  Probe x2  
  68  5:41  Probe  
  75  5:52  Probe x2  
  75  5:53  Probe  
  75  6:00  Sentry, Stalker, Pylon  
  79  6:04  Probe x2  
  79  6:06  Probe  
  79  6:07  Pylon  
  82  6:12  Zealot  
  82  6:16  Probe x2  
  82  6:18  Probe  
  87  6:28  Stalker x5  
  87  6:32  Adept  
  99  6:35  Robotics Facility  
  99  6:37  Probe x3  
  102  6:51  Adept x2  
  102  6:52  Adept  
  104  6:54  Stalker x2  
  104  6:56  Probe  
  104  6:57  Protoss Ground Weapons Level 2  
  109  7:01  Assimilator  
  109  7:02  Assimilator  
  109  7:04  Shield Battery  
  109  7:05  Pylon  
  109  7:09  Probe x2  
  109  7:10  Pylon  
  109  7:11  Pylon  
  109  7:13  Stalker  
  107  7:17  Stalker x3  
  109  7:23  Probe x3  
  111  7:37  Probe  
  111  7:38  Probe x2  
  111  7:39  Robotics Bay  
  111  7:42  Pylon  
  114  7:45  Stalker x2  
  114  7:49  Pylon  
  118  7:52  Probe x3  
  118  7:55  Pylon  
  119  8:06  Stalker  
  119  8:07  Stalker x3  
  121  8:13  Stalker x2, Probe  
  121  8:14  Probe x2  
  121  8:16  Shield Battery  
  122  8:22  Probe x3  
  122  8:27  Colossus  
  118  8:30  Photon Cannon, Probe x3  
  127  8:43  Extended Thermal Lance  
  127  8:46  Probe x2  
  129  8:59  Pylon  
  129  9:00  Pylon  
  129  9:01  Pylon  
  129  9:03  Colossus  
  129  9:12  Gateway  
  129  9:14  Gateway  
  129  9:16  Stalker x2, Protoss Ground Weapons Level 3  
  133  9:22  Gateway  
  139  9:26  Gateway  
  139  9:31  Stalker x2  
  143  9:36  Photon Cannon  
  143  9:38  Sentry  
  143  9:39  Sentry  
  143  9:40  Sentry x2  
  143  9:44  Colossus  
  151  9:56  Pylon  
  157  10:00  Charge  
  157  10:04  Templar Archives  
  157  10:16  Nexus  
  157  10:22  Stalker  
  157  10:23  Stalker x2  
  157  10:27  Pylon  
  157  10:28  Colossus  
  163  10:32  Shield Battery x2  
  160  11:01  High Templar x4, Zealot  
  160  11:02  Zealot x5  
  180  11:07  Archon x2  
  180  11:12  Warp Prism  
  180  11:16  Pylon  
  180  11:17  Pylon  
  179  11:20  Pylon  
  179  11:22  Stalker x2  
  185  11:29  Pylon  
  182  11:41  High Templar x2  
  182  11:43  High Templar x2, Zealot x3  
  182  11:44  Zealot  
  184  11:49  Colossus  
  184  11:53  Archon x2  
  166  12:09  Stalker x6  
  176  12:19  Sentry, Zealot x3  
  124  12:44  Warp Prism  
  124  12:49  Stalker x3  
  124  12:50  Stalker x5  
  110  12:56  Probe x3  
  51  13:12  Probe  
  51  13:13  Probe x2  
  51  13:14  High Templar x2, Zealot x2  
  51  13:15  Zealot  
  51  13:18  Archon  
  61  13:33  High Templar x2  
  65  13:34  Zealot x2  
  65  13:35  Zealot  
  65  13:38  Archon  
Show
View Real Time Build Order
Export as new Build Order

Serral Zerg - Winner!

Build Orders: Hatch First 

Get SALT Encoding   

  12  0:00  Drone  
  13  0:12  Overlord  
  13  0:17  Drone  
  14  0:31  Drone x2  
  16  0:48  Hatchery  
  15  0:51  Drone  
  15  0:55  Drone  
  17  0:58  Drone  
  18  1:09  Extractor  
  17  1:13  Spawning Pool  
  17  1:18  Drone  
  17  1:20  Drone  
  18  1:27  Drone  
  19  1:38  Drone  
  20  1:49  Overlord  
  20  2:00  Queen x2  
  20  2:01  Zergling x4  
  26  2:11  Drone x2  
  28  2:24  Drone x2  
  30  2:35  Pneumatized Carapace, Overlord  
  30  2:36  Drone  
  31  2:41  Queen  
  31  2:43  Zergling x2  
  34  2:48  Zergling x2  
  35  2:53  Drone  
  35  2:58  Drone, Extractor  
  36  3:04  Drone  
  36  3:05  Hatchery  
  36  3:09  Metabolic Boost  
  36  3:10  Drone  
  37  3:12  Drone  
  37  3:16  Drone  
  38  3:23  Queen  
  38  3:24  Drone  
  41  3:29  Overlord  
  41  3:34  Drone x2  
  41  3:39  Zergling x2  
  41  3:40  Spore Crawler  
  43  3:41  Drone  
  43  3:46  Spore Crawler  
  43  3:48  Zergling x2  
  44  3:49  Drone x2  
  44  3:51  Drone  
  47  3:57  Drone x2  
  47  3:58  Drone  
  50  4:05  Overlord  
  50  4:07  Drone x2  
  52  4:16  Queen  
  52  4:17  Spore Crawler, Overlord  
  52  4:20  Drone x2  
  52  4:21  Drone  
  56  4:26  Overlord  
  56  4:28  Drone x2  
  56  4:29  Drone  
  58  4:35  Zergling x6  
  58  4:36  Drone  
  61  4:38  Drone  
  61  4:43  Drone, Lair  
  63  4:51  Drone x2  
  65  4:53  Roach Warren  
  65  4:54  Drone x2  
  65  4:55  Drone  
  67  5:00  Drone x2, Extractor  
  67  5:01  Drone  
  67  5:02  Extractor  
  67  5:04  Zergling x2  
  66  5:10  Zergling x4  
  66  5:11  Drone x2  
  66  5:12  Drone  
  71  5:15  Evolution Chamber, Zergling x2  
  71  5:21  Zergling x2  
  71  5:22  Zergling x2  
  71  5:25  Drone  
  71  5:27  Drone x4  
  78  5:30  Drone x2  
  80  5:36  Drone, Extractor  
  80  5:37  Drone  
  80  5:39  Overlord, Extractor  
  80  5:41  Zerg Melee Weapons Level 1  
  80  5:46  Overlord  
  80  5:47  Overlord  
  80  5:52  Drone  
  80  5:54  Hatchery  
  80  5:56  Drone  
  76  5:57  Overlord  
  76  5:59  Roach x6  
  76  6:03  Glial Reconstitution  
  88  6:05  Drone x3  
  88  6:08  Overlord  
  88  6:10  Roach x2  
  95  6:12  Roach  
  96  6:20  Roach x4  
  96  6:23  Ravager  
  105  6:27  Overlord x2  
  105  6:32  Ravager x2  
  107  6:33  Zergling x4  
  107  6:39  Ravager  
  109  6:40  Zergling x8  
  109  6:45  Overlord  
  113  6:51  Zergling x14  
  113  6:52  Ravager  
  121  6:57  Drone  
  121  7:00  Baneling Nest, Extractor  
  119  7:05  Drone x2  
  120  7:15  Drone x4  
  122  7:24  Queen  
  122  7:25  Drone x4  
  122  7:27  Overlord  
  127  7:34  Overlord  
  127  7:35  Drone x2, Zergling x2  
  127  7:36  Unknown, Zergling x12  
  133  7:40  Zerg Melee Weapons Level 2  
  133  7:43  Evolution Chamber  
  132  7:44  Baneling x4  
  132  7:46  Baneling x2, Centrifical Hooks  
  132  7:49  Overseer  
  132  7:50  Zergling x10  
  137  8:04  Zergling x24  
  147  8:09  Overlord  
  142  8:15  Drone x3  
  144  8:23  Zerg Missile Weapons Level 1  
  144  8:24  Overlord x3  
  144  8:25  Overlord  
  143  8:29  Drone x5  
  143  8:30  Drone, Ravager  
  143  8:31  Baneling x9, Ravager  
  143  8:32  Baneling  
  143  8:34  Overlord  
  151  8:35  Overseer, Hatchery  
  150  8:43  Baneling x5, Infestation Pit  
  150  8:44  Baneling x5  
  150  8:45  Ravager x4  
  150  8:46  Ravager x2  
  155  8:52  Drone x3  
  158  8:55  Zergling x2  
  158  8:56  Zergling x10  
  164  9:03  Zergling x14  
  164  9:04  Zergling x2  
  164  9:08  Overlord  
  172  9:15  Drone x2  
  172  9:16  Drone  
  175  9:20  Baneling x9  
  175  9:24  Hive, Drone x4, Overlord  
  175  9:25  Drone  
  175  9:31  Baneling x9  
  177  9:38  Zergling x18  
  177  9:39  Zergling x6  
  189  9:48  Overlord  
  189  9:50  Drone x3  
  191  9:55  Baneling x13  
  191  9:57  Zerg Ground Armor Level 1  
  191  9:58  Spire  
  190  10:01  Zergling x14  
  197  10:11  Baneling x22  
  197  10:17  Overseer, Drone x2  
  197  10:18  Overlord  
  199  10:22  Zerg Missile Weapons Level 2  
  199  10:23  Baneling x11  
  190  10:44  Zergling x4  
  190  10:45  Zergling x16  
  188  10:57  Zergling x24  
  188  10:59  Adrenal Glands  
  199  11:07  Pathogen Glands  
  199  11:10  Spore Crawler  
  199  11:11  Extractor  
  197  11:12  Hatchery  
  197  11:15  Drone x3  
  197  11:17  Greater Spire  
  199  11:25  Baneling x13  
  199  11:30  Zergling x2  
  199  11:32  Hatchery  
  196  11:36  Zergling x12  
  195  11:47  Zergling x48  
  188  11:50  Zergling x2  
  179  11:56  Zergling x4  
  174  12:01  Baneling x8  
  174  12:02  Baneling x4  
  174  12:05  Baneling x4  
  174  12:07  Roach x3, Zergling x8  
  174  12:08  Baneling x8  
  181  12:10  Baneling x23  
  181  12:11  Baneling  
  181  12:17  Roach x2, Zergling x4  
  181  12:19  Baneling  
  181  12:20  Baneling x11  
  181  12:21  Baneling  
  181  12:24  Zergling x8  
  179  12:30  Zergling x24  
  179  12:31  Zergling x8  
  187  12:39  Zergling x12  
  175  12:47  Zergling x10  
  153  12:53  Roach x2  
  153  12:56  Roach x3  
  132  12:59  Roach x4, Zergling x20  
  132  13:03  Roach x2, Zergling x2  
  140  13:13  Zergling x12  
  140  13:16  Ravager x7  
  153  13:21  Ravager x4  
  153  13:22  Baneling x10  
  157  13:28  Drone x2  
  157  13:29  Drone  
  157  13:31  Zergling x24  
  169  13:36  Unknown  
  169  13:40  Ravager x2  
Tags
 
Add a new tag
Caveats
  • Supply blocks, unpowered buildings, or Contaminate may cause inaccurate times.
  • Supply counts are checked every 10 seconds.